AoeStats
← marshall_o18

Arena

510632526Analyzed
4v4 RM · 1d ago on Oct 1, 2026· 47m 45s· 8 players
Game mode
Random Map
Map size
Large (8 player)
Population
200
Speed
Normal
Resources
Standard
Victory
Conquest
Starting age
Dark Age
Ending age
Imperial Age
RankedLock teamsTeams togetherTeam positionsShared explorationLock speedFull tech treeHidden civsTurbo modeCheats
Victory
Defeat
🇦🇺 Persians · Australia
1026
+11
🇵🇪 Bohemians · Peru
1016
+12
🇧🇷 Danes · Brazil
1010
+12
🇨🇦 Varangians · Canada
850
+20
🇨🇱 Mongols · Chile
1005
-17
🇨🇿 Bohemians · Czechia
926
-14
🇺🇸 Vikings · United States
897
-13
🇬🇧 Persians · United Kingdom
844
-11
donoban.ramirez
0:25 Loom
10:58 Feudal Age
15:52 Castle Age
15:12 Double-Bit Axe
15:12 Horse Collar
17:51 Bow Saw
19:19 Man-at-Arms
20:10 Elite Skirmisher
22:11 Heavy Plow
22:22 Scale Mail Armor
22:28 Fletching
23:45 Forging
23:49 Gold Mining
25:06 Gold Shaft Mining
24:11 Man-at-Arms
25:26 Chain Mail Armor
24:37 Pikeman
26:31 Iron Casting
28:29 Chain Mail Armor
29:28 Town Watch
35:33 Imperial Age
34:29 Town Patrol
35:54 Ballistics
38:55 Blast Furnace
38:26 Plate Mail Armor
38:02 Light Cavalry
39:42 Conscription
39:39 Bogsveigar
39:47 Chieftains
40:44 Bodkin Arrow
40:50 Padded Archer Armor
42:27 Bracer
46:17 Two-Man Saw
45:49 Crop Rotation
46:25 Crossbowman
Fluffy
4:13 Loom
11:06 Feudal Age
15:33 Castle Age
13:51 Horse Collar
15:08 Double-Bit Axe
20:34 Heavy Plow
20:58 Bow Saw
24:41 Ballistics
25:06 Wheelbarrow
25:17 Fervor
25:30 Sanctity
26:05 Hand Cart
26:43 Town Watch
31:58 Imperial Age
29:29 Town Patrol
29:43 Masonry
29:29 Murder Holes
29:52 Padded Archer Armor
29:45 Fletching
31:07 Chemistry
30:18 Fortified Wall
32:28 Leather Archer Armor
32:10 Bodkin Arrow
33:26 Caravan
33:34 Siege Engineers
34:35 Bracer
36:43 Houfnice
36:45 Heavy Scorpion
Greenland Viking
8:23 Loom
11:09 Feudal Age
14:00 Wheelbarrow
17:17 Castle Age
17:09 Double-Bit Axe
18:19 Wheelbarrow
17:31 Horse Collar
18:46 Bloodlines
18:53 Scale Barding Armor
21:40 Forging
25:49 Iron Casting
25:32 Husbandry
36:24 Chain Barding Armor
35:55 Fletching
39:55 Imperial Age
37:22 Pikeman
38:38 Scale Mail Armor
38:35 Bodkin Arrow
38:45 Squires
40:17 Chain Mail Armor
40:18 Halberdier
45:37 Conscription
46:04 Ballistics
oveja83
11:20 Feudal Age
16:11 Castle Age
14:04 Double-Bit Axe
14:11 Gold Mining
16:44 Fletching
17:16 Bow Saw
19:24 Padded Archer Armor
19:16 Crossbowman
19:31 Crossbowman
20:24 Town Watch
21:34 Bodkin Arrow
21:57 Horse Collar
24:37 Wheelbarrow
24:34 Leather Archer Armor
25:32 Thumb Ring
27:52 Scale Mail Armor
28:31 Ballistics
28:44 Hand Cart
29:46 Chain Mail Armor
29:23 Loom
30:11 Fortified Wall
32:23 Forging
33:02 Bloodlines
32:56 Husbandry
33:12 Scale Barding Armor
33:34 Heavy Plow
35:28 Chain Barding Armor
38:34 Pikeman
39:15 Squires
40:20 Iron Casting
41:49 Light Cavalry
45:12 Town Patrol
45:57 Arson
Tiramisushi
11:01 Feudal Age
9:17 Loom
11:05 Feudal Age
13:25 Double-Bit Axe
16:10 Castle Age
18:03 Forging
18:11 Bow Saw
18:26 Horse Collar
24:57 Gold Mining
25:51 Iron Casting
26:23 Husbandry
27:39 Wheelbarrow
28:19 Bloodlines
31:18 Scale Barding Armor
31:58 Hand Cart
32:48 Chain Barding Armor
marshall_o18
0:42 Loom
10:52 Feudal Age
16:10 Castle Age
15:33 Double-Bit Axe
15:49 Horse Collar
24:46 Pikeman
28:40 Imperial Age
28:31 Chemistry
30:09 Scale Mail Armor
30:19 Forging
32:46 Iron Casting
35:53 Town Watch
37:35 Arson
37:51 Squires
37:12 Halberdier
41:15 Chain Mail Armor
42:02 Blast Furnace
41:02 Padded Archer Armor
40:53 Fletching
43:04 Wheelbarrow
44:55 Plate Mail Armor
44:41 Leather Archer Armor
45:14 Houfnice
46:28 Man-at-Arms
47:30 Long Swordsman
FeniksOfTomb
9:12 Feudal Age
9:38 Double-Bit Axe
9:59 Horse Collar
16:24 Castle Age
14:52 Stone Mining
23:13 Arson
24:47 Squires
25:46 Bow Saw
27:29 Gold Mining
30:40 Loom
33:25 Imperial Age
31:49 Wheelbarrow
33:35 Onager
35:47 Siege Engineers
37:49 Elite Varangian Guard
39:07 Gambesons
39:36 Forging
39:27 Scale Mail Armor
39:47 Siege Onager
42:25 Conscription
46:09 Northmen's Fury
Sims_doc
12:15 Feudal Age
15:59 Castle Age
14:01 Double-Bit Axe
14:00 Horse Collar
14:59 Gold Mining
20:01 Loom
20:56 Wheelbarrow
23:18 Stone Mining
24:09 Town Watch
27:07 Hand Cart
31:09 Imperial Age
29:28 Scale Barding Armor
29:35 Forging
30:23 Stone Shaft Mining
30:23 Gold Shaft Mining
30:28 Bloodlines
30:19 Husbandry
31:48 Conscription
32:25 Iron Casting
33:11 Chain Barding Armor
33:39 Elite War Elephant
35:19 Plate Barding Armor
35:52 Blast Furnace
39:41 Fletching
Connection lost

Rejoining the realm…

Still unreachable

The connection could not be restored.

Session expired

The server has moved on; the page needs a fresh start.